 Dungeon Crawl Stone Soup version 0.28-a0-1567-g1695149f81 (webtiles) character file.

Game seed: 11416017496695121753

2507 freelancePsychic the Tainter (level 9, -2/81 HPs)
             Began as a Naga Venom Mage on Jan 19, 2022.
             Was an Initiate of Vehumet.
             Slain by a gnoll sergeant (7 damage)
             ... on level 7 of the Dungeon.
             The game lasted 00:18:58 (7430 turns).

freelancePsychic the Tainter (Naga Venom Mage)      Turns: 7430, Time: 00:18:59

Health: -2/81      AC:  5    Str: 10    XL:     9   Next: 53%
Magic:  25/25      EV: 10    Int: 19    God:    Vehumet [......]
Gold:   322        SH:  0    Dex: 13    Spells: 2/18 levels left

rFire   . . .      SeeInvis +   d - +5 dagger (spect)
rCold   . . .      Faith    .   (no shield)
rNeg    + + .      Spirit   .   a - +0 robe
rPois   +          Reflect  .   k - +0 helmet
rElec   .          Harm     .   (no cloak)
rCorr   .          Rampage  .   (no gloves)
Will    ++...                   (no barding)
Stlth   ++++......              (no amulet)
HPRegen 0.23/turn               b - ring "Buriet" {Wiz rN++ Will+}
MPRegen 0.19/turn               e - ring of magical power

@: lethally poisoned (-2 -> -23), attractive, very slow
A: AC +3, large, see invisible, deformed body, poison resistance, slowness 2,
spit poison 1, naga tail 1
a: Spit Poison, Renounce Religion


You were on level 7 of the Dungeon.
You worshipped Vehumet.
Vehumet was noncommittal.
You visited 2 branches of the dungeon, and saw 8 of its levels.

You collected 411 gold pieces.
You spent 89 gold pieces at shops.

Inventory:

Hand Weapons
 d - a +5 spectral dagger (weapon)
Armour
 a - a +0 robe (worn)
 k - a +0 helmet (worn)
Jewellery
 b - the ring "Buriet" (left hand) {Wiz rN++ Will+}
   (You acquired it on level 6 of the Dungeon)

   [ring of wizardry]

   It improves your spell success rate.
   rN:        It greatly protects you from negative energy.
   Will:      It increases your willpower.
 e - a ring of magical power (right hand)
 h - a ring of positive energy
 l - a ring of protection from fire
 n - a ring of willpower
 r - a +4 ring of protection
Scrolls
 c - a scroll of identify {@r1}
 o - a scroll of amnesia
 t - a scroll of silence {unknown}
Potions
 f - 2 potions of brilliance
 g - 2 potions of lignification
 i - a potion of mutation {unknown}
 j - a potion of ambrosia
 m - 2 potions of invisibility
 q - a potion of might
 u - a potion of curing {unknown}


   Skills:
 + Level 5.5 Fighting
 - Level 1.5 Dodging
 + Level 9.3 Stealth
 - Level 5.0 Spellcasting
 + Level 5.2 Transmutations
 + Level 9.3 Poison Magic


You had 2 spell levels left.
You knew the following spells:

 Your Spells              Type           Power      Damage    Failure   Level
a - Sting                 Tmut/Pois      100%       1d8       1%          1
b - Poisonous Vapours     Pois/Air       44%        N/A       1%          2
c - Eringya's Noxious Bo  Tmut/Pois      16%        N/A       34%         6
d - Olgreb's Toxic Radia  Pois           40%        N/A       1%          4
e - Mephitic Cloud        Conj/Pois/Air  16%        N/A       4%          3

Your spell library contained the following spells:

 Spells                   Type           Power      Damage    Failure   Level
 Summon Forest            Summ/Tloc      2%         N/A       77%         5
 Summon Hydra             Summ           2%         N/A       100%        7


Dungeon Overview and Level Annotations

Branches:
Dungeon (7/15)             Temple (1/1) D:4

Altars:
Ashenzari
Cheibriados
Dithmenos
Elyvilon
Fedhas
Gozag
Hepliaklqana
Kikubaaqudgha
Makhleb
Nemelex Xobeh
Okawaru
Qazlal
Ru
Sif Muna
Trog
Uskayaw
Vehumet
Wu Jian
Xom
Yredelemnul
Zin
The Shining One

Shops:
D:1 [   D:3 *   D:4 !

Annotations:
D:2 Sigmund
D:3 1 runed translucent door, Skeebop's ghost, weakling DrBe
D:5 Menkaure


Innate Abilities, Weirdness & Mutations

Your serpentine skin is tough. (AC +3)
You have supernaturally acute eyesight. (SInv)
Armour fits poorly on your strangely shaped body.
Your system is resistant to poisons. (rPois)
You cover ground very slowly.
You can spit poison.
You have a snake-like lower body.


Message History

The water moccasin bites you.
* * * LOW HITPOINT WARNING * * *
You are more poisoned.
The water moccasin poisons you!
You attack the rock wall.
You feel less invigorated.
You feel less confused.
You feel very sick.
The water moccasin bites you but does no damage.
The orc warrior hits you but does no damage.
The gnoll sergeant hits you but does no damage.
You puncture the orc warrior!
You kill the orc warrior!
Vehumet accepts your kill.
You feel sick.
The gnoll sergeant looks more healthy.
The water moccasin bites you but does no damage.
The gnoll sergeant hits you from afar with a +0 spear.
* * * LOW HITPOINT WARNING * * *
The water moccasin bites you but does no damage.
Training target 5.0 for Spellcasting reached!
Your Spellcasting skill increases to level 5!
It was a potion of attraction.
You feel attractive to monsters.
You feel sick. The jelly hits you but does no damage.
The water moccasin bites you but does no damage.
A gnoll comes into view. It is wielding a +0 club.
The gnoll sergeant hits you but does no damage.
The gnoll is attracted toward you.
It was a potion of cancellation.
Your magical effects are unravelling.
You feel magically purged.
You feel less wooden.
Your +0 helmet unmelds from your body.
Your +0 robe unmelds from your body.
You flicker back into view.
You feel a little less mighty now.
You feel a little less clever now.
You feel sick. The water moccasin bites you.
* * * LOW HITPOINT WARNING * * *
You are lethally poisoned!
The water moccasin poisons you! The jelly hits you but does no damage.
The gnoll sergeant hits you from afar with a +0 spear!
You die...

........###.......##....
#.#.......#......####...
###.#.###..##......####...
...................'.....>
###.#.......#......####...
# #....##.#####'## #...
#....##+#####.# #...
#...........#.# #...
#.###@......#.# #### ...
#JS...$.#.# ####
##gg.....#.# #.)..#.###.#
#.##.#..##.# ยง.. ## .#
..... . .## #...... ...
#...o..# ###.#


You could see a water moccasin, a gnoll sergeant, a jelly and a gnoll
(wandering).

Vanquished Creatures
  Pikel (D:6)
  2 water moccasins (D:6)
  Duvessa (D:6)
  An ice beast (D:4)
  An orc warrior (D:7)
  An ogre (D:4)
  3 centaurs
  A scorpion (D:5)
  2 bullfrogs
  Dowan (D:6)
  6 killer bees (D:7)
  2 hounds
  2 bullfrog skeletons
  2 jellies
  2 orc priests (D:7)
  3 gnoll shamans
  Jessica (D:2)
  2 iguanas
  2 orc wizards (D:7)
  A hound skeleton (D:4)
  12 gnolls
  5 adders
  2 shadow imps (D:7)
  A white imp (D:5)
  2 ufetubi
  3 worms
  9 orcs
  5 ball pythons
  3 bats
  4 endoplasms
  4 giant cockroaches
  4 goblins
  7 hobgoblins
  2 jackals (D:2)
  8 kobolds
  2 frilled lizards
  4 rats
114 creatures vanquished.

Notes
Turn   | Place    | Note
-------+----------+-------------------------------------------
     0 | D:1      | freelancePsychic the Naga Venom Mage began the quest for
                  | the Orb.
     0 | D:1      | Reached XP level 1. HP: 15/15 MP: 3/3
   195 | D:1      | Reached XP level 2. HP: 24/24 MP: 5/5
   521 | D:1      | Found Levilig's Armour Shoppe.
   562 | D:1      | Bought a +0 helmet for 45 gold pieces
   983 | D:1      | Learned a level 2 spell: Poisonous Vapours
  1047 | D:1      | Reached skill level 1 in Fighting
  1047 | D:1      | Reached XP level 3. HP: 20/31 MP: 1/6
  1638 | D:2      | Found a glowing silver altar of Zin.
  1644 | D:2      | Noticed Sigmund
  1776 | D:2      | Noticed Jessica
  1781 | D:2      | Killed Jessica
  1782 | D:2      | Reached skill level 5 in Poison Magic
  1782 | D:2      | Reached XP level 4. HP: 38/38 MP: 5/7
  2250 | D:3      | Found a faded altar of an unknown god.
  2464 | D:3      | Found Qerenox's General Store.
  2655 | D:3      | Found a runed translucent door.
  2656 | D:3      | Noticed Skeebop's ghost (weakling DrBe)
  3110 | D:4      | Noticed a centaur
  3127 | D:4      | Noticed an ogre
  3138 | D:4      | Killed an ogre
  3139 | D:4      | Reached XP level 5. HP: 45/45 MP: 4/9
  3214 | D:4      | Reached XP level 6. HP: 45/52 MP: 10/10
  3261 | D:4      | You fall into a shaft and drop 2 floors!
  3368 | D:6      | Reached skill level 5 in Stealth
  3377 | D:6      | Noticed a water moccasin
  3379 | D:6      | Identified a scroll of acquirement
  3379 | D:6      | Acquired the ring "Buriet" {Wiz rN++ Will+}
  3387 | D:6      | Killed a water moccasin
  3627 | D:6      | Learned a level 4 spell: Olgreb's Toxic Radiance
  3683 | D:6      | Reached XP level 7. HP: 61/61 MP: 11/11
  3710 | D:6      | Found a bloodstained altar of Trog.
  3746 | D:6      | Noticed Duvessa
  3746 | D:6      | Noticed Dowan
  3762 | D:6      | Killed Duvessa
  3771 | D:6      | Killed Dowan
  4054 | D:5      | Entered Level 5 of the Dungeon
  4062 | D:5      | Learned a level 3 spell: Mephitic Cloud
  4657 | D:5      | Noticed Menkaure
  4705 | D:4      | Found Dozxeh's Distillery.
  4709 | D:4      | Bought a potion of might for 44 gold pieces
  4926 | D:4      | Reached XP level 8. HP: 50/72 MP: 13/13
  5431 | D:4      | Found a staircase to the Ecumenical Temple.
  5440 | Temple   | Entered the Ecumenical Temple
  5625 | Temple   | Became a worshipper of Vehumet
  6797 | D:6      | Noticed Pikel
  6809 | D:6      | Killed Pikel
  6810 | D:6      | Reached XP level 9. HP: 63/80 MP: 3/15
  6812 | D:6      | Reached skill level 5 in Fighting
  6949 | D:6      | Learned a level 6 spell: Eringya's Noxious Bog
  7417 | D:7      | Reached skill level 5 in Transmutations
  7429 | D:7      | Reached skill level 5 in Spellcasting
  7430 | D:7      | Slain by a gnoll sergeant

Illustrated notes

Levels and vault maps discovered:
D:1:      scummos_arrival_forest, layout_basic, serial_shops, shop
D:2:      layout_rooms, basic_altar, minmay_hexomino_f4, uniq_jessica,
          uniq_sigmund
D:3:      layout_basic, serial_shops, shop, nicolae_ecumenical_pavilion,
          ebering_ghost_reflecting_pool
D:4:      layout_cave_pools, lemuel_temple_firewalk_a, serial_shops,
          nicolae_shop_stone
D:5:      layout_rooms, st_stairs_6, chequers_serial_rivers_micro_b,
          minmay_misc_feat_enclosed, hangedman_abyss_or_decor_stabs,
          uniq_menkaure
D:6:      layout_basic, mainiacjoe_overflow_boulevard, uniq_duvessa, uniq_pikel
D:7:      layout_basic, chequers_serial_rivers_room_b
Temple:   minmay_crystal_snake_temple

Skill      XL: |  1  2  3  4  5  6  7  8  9 |
---------------+----------------------------+-----
Fighting       | 1 2 3 4 5 |  5.5
Poison Magic   | 5 6 7 8 9 |  9.3
Stealth        | 4 5 6 8 9 |  9.3
Spellcasting   | 3 4 5 |  5.0
Transmutations | 2 3 4 5 |  5.2
Dodging        | |  1.5

Action                   |  1- 3 |  4- 6 |  7- 9 || total
-------------------------+-------+-------+-------++-------
Melee: Dagger            |    28 |    53 |    88 ||   169
       Punch             |       |     1 |     1 ||     2
 Cast: Sting             |    25 |     1 |    14 ||    40
       Poisonous Vapours |     4 |    41 |    36 ||    81
       Olgreb's Toxic Ra |       |       |    10 ||    10
       Mephitic Cloud    |       |       |    11 ||    11
 Abil: Spit Poison       |    19 |     7 |    10 ||    36
  Use: Scroll            |     5 |     2 |     5 ||    12
       Potion            |       |     2 |     8 ||    10
 Stab: Distracted        |       |     1 |     1 ||     2
       Confused          |       |       |     2 ||     2
Armor: Robe              |     9 |    10 |    27 ||    46
       Skin              |       |       |    18 ||    18
Dodge: Dodged            |    23 |    26 |    45 ||    94

Table legend: (Time is in decaauts)
 A = Elapsed time spent in this place.
 B = Non-inter-level travel time spent in this place.
 C = Inter-level travel time spent in this place.
 D = Time resting spent in this place.
 E = Time spent auto-exploring this place.
 F = Levels seen in this place.
 G = Mean time per level.
                   A        B        C        D        E       F      G
               +--------+--------+--------+--------+--------+-----+--------+
         Total |   9054 |   8550 |    504 |   1347 |   5913 |   8 | 1131.8 |
       Dungeon |   8767 |   8329 |    438 |   1347 |   5718 |   7 | 1252.4 |
        Temple |    286 |    220 |     66 |      0 |    195 |   1 |  286.0 |
               +--------+--------+--------+--------+--------+-----+--------+

Top non-repeatable levels by time:
     D:6: 2199 daAuts
     D:1: 1379 daAuts
     D:2: 1304 daAuts
     D:4: 1182 daAuts
     D:5: 1067 daAuts
     D:3: 1062 daAuts
     D:7: 571 daAuts
  Temple: 286 daAuts
